 Dungeon Crawl Stone Soup version 0.25-a0-731-g0472a16d6a (webtiles) character file.

Game seed: 10251234558878725844, levelgen mode: deterministic

571 Anathary the Slasher (level 7, -13/61 HPs)
             Began as a Minotaur Monk on Apr 9, 2020.
             Was a Priest of Cheibriados.
             Mangled by a two-headed ogre
             ... wielding a +0 giant spiked club
              (30 damage)
             ... on level 6 of the Dungeon.
             The game lasted 00:17:08 (4347 turns).

Anathary the Slasher (Minotaur Monk)                Turns: 4347, Time: 00:17:10

Health: -13/61     AC:  3    Str: 24    XL:     7   Next: 11%
Magic:  6/6        EV: 16    Int: 13    God:    Cheibriados [***...]
Gold:   251        SH:  0    Dex: 18    Spells: 6/6 levels left

rFire    . . .     SeeInvis .   a - +1 falchion
rCold    . . .     Gourm    .   (no shield)
rNeg     . . .     Faith    .   b - +0 robe
rPois    .         Spirit   .   r - +1 hat
rElec    .         Reflect  .   (no cloak)
rCorr    .         Harm     .   (no gloves)
MR       .....                  (no boots)
Stlth    ++........             (no amulet)
HPRegen  0.20/turn              (no ring)
MPRegen  0.10/turn              (no ring)

@: very slow
A: retaliatory headbutt, horns 2
a: Bend Time, Temporal Distortion, Renounce Religion


You were on level 6 of the Dungeon.
You worshipped Cheibriados.
Cheibriados was most pleased with you.
You were not hungry.

You visited 2 branches of the dungeon, and saw 7 of its levels.

You collected 251 gold pieces.

Inventory:

Hand Weapons
 a - a +1 falchion (weapon)
Armour
 b - a +0 robe (worn)
 r - a +1 hat (worn)
Jewellery
 i - an uncursed ring of ice
 s - an uncursed amulet of harm {unknown}
Wands
 j - a wand of polymorph (10)
 k - a wand of flame (33)
Scrolls
 e - 2 scrolls of immolation
 f - a scroll of remove curse
 g - a scroll of enchant weapon
 o - a scroll of teleportation {unknown}
 q - a scroll of random uselessness
Potions
 d - a potion of lignification {unknown}
 h - a potion of might
 l - 2 potions of flight
 m - a potion of magic
 n - a potion of stabbing
 p - a potion of curing
 t - a potion of berserk rage {unknown}
Comestibles
 c - 6 rations


   Skills:
 + Level 5.3 Fighting
 + Level 7.4 Long Blades
 + Level 5.5 Dodging
 - Level 1.7 Stealth
 + Level 0.1 Unarmed Combat


You had 6 spell levels left.
You didn't know any spells.
Your spell library was empty.

Dungeon Overview and Level Annotations

Branches:
Dungeon (6/15)             Temple (1/1) D:4

Altars:
Cheibriados
Dithmenos
Elyvilon
Kikubaaqudgha
Makhleb
Qazlal
Ru
Sif Muna
Trog
Wu Jian
Xom
Zin


Innate Abilities, Weirdness & Mutations

You reflexively headbutt those who attack you in melee.
You have a pair of horns on your head.


Message History

You kill the jackal!
Cheibriados thoroughly appreciates the change of pace.
You can now warp the flow of time around you.
You see here a jackal corpse.
A two-headed ogre comes into view.
It is wielding two +0 giant spiked clubs.
The orc priest shouts!
You hear a shout!
The orc priest invokes the aid of Beogh against you.
Beogh smites you!
Items here: ( ) [ † a +0 short sword; 3 boomerangs; a +0 ring mail; an orc corpse
There are monsters nearby!
The two-headed ogre misses you. You furiously retaliate!
You headbutt the two-headed ogre. The two-headed ogre closely misses you.
You slash the orc priest!
You headbutt the orc priest, but do no damage.
The orc priest is heavily wounded.
The two-headed ogre hits you with a +0 giant spiked club!!
* * * LOW HITPOINT WARNING * * *
The two-headed ogre hits you with a +0 giant spiked club!!
You die...

....#.### .........
#......####
#.....o...#### . ..
...........>. ..
.###.# #..........#
...
.##...##...Oo.....#
#..
.##...#####@......#
...
.##......##.......#
#.#
.##......##)###...#
##..#.##....[.##.#
..#
......##......##†# #
..#..###.........#
..............####
..##.####.########..
....................


You could see a two-headed ogre, an orc priest and an orc.

Vanquished Creatures
  An orc warrior (D:6)
  A centaur (D:5)
  A howler monkey (D:5)
  An orc wizard (D:6)
  2 iguanas
  Natasha (thrice) (D:2)
  3 worker ants (D:5)
  2 adders
  A river rat (D:6)
  2 oozes
  3 worms
  4 leopard geckos
  4 orcs
  2 ball pythons
  6 bats
  4 giant cockroaches
  4 goblins
  8 hobgoblins
  9 jackals
  A quokka (D:2)
  A ball python skeleton (D:4)
  3 frilled lizards
  12 kobolds
  17 rats
  A plant (D:2)
96 creatures vanquished.

Notes
Turn   | Place    | Note
-------+----------+-------------------------------------------
     0 | D:1      | Anathary the Minotaur Monk began the quest for the Orb.
     0 | D:1      | Reached XP level 1. HP: 19/19 MP: 0/0
    55 | D:1      | Reached XP level 2. HP: 17/27 MP: 1/1
    60 | D:1      | Reached skill level 4 in Long Blades
   680 | D:1      | Reached XP level 3. HP: 33/33 MP: 2/2
  1048 | D:2      | Reached XP level 4. HP: 29/41 MP: 3/3
  1177 | D:2      | Noticed Natasha
  1193 | D:2      | Killed Natasha
  1403 | D:2      | Noticed Natasha
  1416 | D:2      | Killed Natasha
  1416 | D:2      | Reached skill level 5 in Long Blades
  1497 | D:2      | Reached XP level 5. HP: 37/47 MP: 4/4
  1802 | D:2      | Noticed Natasha
  1809 | D:2      | Killed Natasha
  2595 | D:4      | Found a staircase to the Ecumenical Temple.
  2601 | Temple   | Entered the Ecumenical Temple
  2630 | Temple   | Became a worshipper of Cheibriados the Contemplative
  2630 | Temple   | Reached * piety under Cheibriados
  2630 | Temple   | Reached ** piety under Cheibriados
  3333 | D:5      | Entered Level 5 of the Dungeon
  3333 | D:5      | Noticed a centaur
  3336 | D:5      | Killed a centaur
  3336 | D:5      | Reached skill level 5 in Fighting
  3336 | D:5      | Reached skill level 6 in Long Blades
  3336 | D:5      | Reached XP level 6. HP: 47/56 MP: 5/5
  3625 | D:5      | Reached skill level 5 in Dodging
  4030 | D:6      | Found a glowing drain.
  4162 | D:6      | Noticed an orc warrior
  4174 | D:6      | Killed an orc warrior
  4174 | D:6      | Reached skill level 7 in Long Blades
  4174 | D:6      | Reached XP level 7. HP: 42/61 MP: 6/6
  4341 | D:6      | Reached *** piety under Cheibriados
  4343 | D:6      | Noticed a two-headed ogre
  4347 | D:6      | Mangled by a two-headed ogre

Levels and vault maps discovered:
D:1:      dpeg_arrival_concentric_ovals, layout_basic
D:2:      layout_basic, lexackson_kobold_supper, uniq_natasha
D:3:      layout_rooms, corexii_corridor_pit
D:4:      layout_loops_cross, minmay_temple_entry_hall, lemuel_flame_loot_1
D:5:      layout_rooms, first_ration, minmay_tree_intersection
D:6:      layout_basic, portal_sewer_entry_b, minmay_fractal_squares_5
Temple:   regret_index_temple_sigil_plot

Skill      XL: |  1  2  3  4  5  6 |
---------------+-------------------+-----
Long Blades    | 4 5 6 7 |  7.4
Fighting       | 4 5 |  5.3
Dodging        | 4 5 |  5.5
Stealth        | |  1.7
Unarmed Combat | |  0.1

Action                   |  1- 3 |  4- 6 |  7- 9 || total
-------------------------+-------+-------+-------++-------
Melee: Falchion          |    52 |   147 |    11 ||   210
       Headbutt          |     9 |    35 |     4 ||    48
       Unarmed           |       |     1 |       ||     1
  Use: Scroll            |       |    13 |       ||    13
 Stab: Distracted        |     2 |       |       ||     2
       Sleeping          |     2 |     5 |       ||     7
  Eat: Ration            |       |     2 |       ||     2
       Chunk             |       |     2 |       ||     2
Armor: Robe              |     7 |    13 |       ||    20
Dodge: Dodged            |    47 |   114 |    12 ||   173
       Rpst.: Falchion   |    11 |    26 |       ||    37

Table legend:
 A = Non-vault XP
 B = Vault XP
 C = Vault XP percentage of total XP
 D = Non-vault monster count
 E = Vault monster count
 F = Vault count percentage of total count
                 A         B        C        D         E       F
            +---------+---------+-------+---------+---------+-------
      Total |     751 |      65 |   8.0 |      79 |      16 |  16.8
            +---------+---------+-------+---------+---------+-------
        D:1 |      42 |       0 |   0.0 |      23 |       0 |   0.0
        D:2 |     156 |      46 |  22.8 |      21 |       9 |  30.0
        D:3 |      34 |       0 |   0.0 |      16 |       0 |   0.0
        D:4 |      23 |       0 |   0.0 |       4 |       0 |   0.0
        D:5 |     308 |       0 |   0.0 |       8 |       0 |   0.0
        D:6 |     188 |      19 |   9.2 |       7 |       7 |  50.0
            +---------+---------+-------+---------+---------+-------
